[Event "CN Seniori 2012"]
[Site "Sarata Monteoru/Romania"]
[Date "2012.02.20"]
[Round "10.18"]
[White "Parligras, Mircea-Emilian"]
[Black "Dumitrascu, Cornel"]
[Result "1-0"]
[ECO "E32"]
[WhiteElo "2650"]
[BlackElo "2086"]
[Annotator "Robot 4"]
[PlyCount "43"]
[EventDate "2012.??.??"]
[TimeControl "40/5400+30:900+30"]

1. d4 e6 2. c4 Nf6 3. Nc3 Bb4 4. Qc2 O-O 5. e4 d5 6. e5 Ne4 7. Bd3 c5 8. Nge2
f5 9. exf6 Qxf6 10. O-O cxd4 11. Nxe4 dxe4 12. Bxe4 Bd6 13. Bxh7+ Kh8 14. Be4
Nc6 15. Qd3 e5 16. Qg3 Be7 17. f4 Be6 18. b3 Rad8 19. Bb2 d3 20. Bxd3 exf4 21.
Nxf4 Qxb2 22. Nxe6 1-0

[Event "CN Seniori 2012"]
[Site "Sarata Monteoru/Romania"]
[Date "2012.02.21"]
[Round "11.1"]
[White "Manolache, Marius"]
[Black "Vajda, Levente"]
[Result "1/2-1/2"]
[ECO "A57"]
[WhiteElo "2552"]
[BlackElo "2594"]
[Annotator "Robot 4"]
[PlyCount "75"]
[EventDate "2012.??.??"]
[TimeControl "40/5400+30:900+30"]

1. d4 Nf6 2. c4 c5 3. d5 b5 4. cxb5 a6 5. b6 d6 6. Nc3 Nbd7 7. e4 Nxb6 8. Be2
e6 9. dxe6 Bxe6 10. Nf3 Be7 11. O-O O-O 12. Qc2 h6 13. Rd1 Qc8 14. Bd2 Re8 15.
Re1 d5 16. exd5 Nbxd5 17. Nxd5 Nxd5 18. Bc4 Bf6 19. Rac1 Qb7 20. Qb3 Qxb3 21.
Bxb3 Rac8 22. Rc2 Nb6 23. Bxe6 Rxe6 24. Rxe6 fxe6 25. Kf1 Kf7 26. Ke2 Nd5 27.
b3 Ke7 28. Rc4 Nb6 29. Re4 Kd6 30. Ba5 Kd5 31. Nd2 Nd7 32. Ra4 Bd4 33. Nc4 e5
34. Bd2 Rc6 35. Ne3+ Ke6 36. Nc4 Kd5 37. Ne3+ Ke6 38. Nc4 1/2-1/2

[Event "CN Seniori 2012"]
[Site "Sarata Monteoru/Romania"]
[Date "2012.02.21"]
[Round "11.2"]
[White "Nevednichy, Vladislav"]
[Black "Anton, Teodor"]
[Result "1-0"]
[ECO "C50"]
[WhiteElo "2546"]
[BlackElo "2393"]
[Annotator "Robot 4"]
[PlyCount "99"]
[EventDate "2012.??.??"]
[TimeControl "40/5400+30:900+30"]

1. e4 e5 2. Nf3 Nc6 3. Bc4 Bc5 4. d3 Nf6 5. Bb3 a6 6. h3 Ba7 7. O-O O-O 8. c3
d5 9. Qe2 dxe4 10. dxe4 Qe7 11. Re1 Be6 12. Bc2 Rad8 13. Nbd2 Nh5 14. Nf1 Nf4
15. Bxf4 exf4 16. e5 Bd5 17. N1h2 g6 18. Bb3 Bxb3 19. axb3 Qe6 20. b4 f6 21.
Ng4 fxe5 22. b5 axb5 23. Qxb5 Bb6 24. Ng5 Qd5 25. Qxd5+ Rxd5 26. Ne6 h5 27.
Nh6+ Kh7 28. Nxf8+ Kxh6 29. Rad1 Rb5 30. b4 Kg7 31. Nd7 Ba7 32. Kf1 g5 33. Ra1
g4 34. hxg4 hxg4 35. Re4 Kg6 36. Nxe5+ Nxe5 37. Rxa7 Kf5 38. Re1 c5 39. Ra5
Rxa5 40. bxa5 Nc4 41. Ke2 Nxa5 42. Rb1 Ke4 43. f3+ gxf3+ 44. gxf3+ Kd5 45. Rb5
Nc6 46. Rxb7 Kc4 47. Rc7 Ne5 48. Re7 Kd5 49. Re8 Ng6 50. Re4 1-0

[Event "CN Seniori 2012"]
[Site "Sarata Monteoru/Romania"]
[Date "2012.02.21"]
[Round "11.3"]
[White "Berescu, Alin-Mile"]
[Black "Filip, Lucian"]
[Result "1/2-1/2"]
[ECO "A33"]
[WhiteElo "2488"]
[BlackElo "2490"]
[Annotator "Robot 4"]
[PlyCount "125"]
[EventDate "2012.??.??"]
[TimeControl "40/5400+30:900+30"]

1. c4 Nf6 2. g3 c5 3. Bg2 e6 4. Nf3 a6 5. O-O Be7 6. d4 cxd4 7. Nxd4 O-O 8. b3
Qc7 9. Bb2 Nc6 10. Nc3 Rb8 11. Rc1 Nxd4 12. Qxd4 d6 13. Rfd1 b6 14. a4 Rd8 15.
Ba3 Bb7 16. e4 Ba8 17. h3 h6 18. Kh2 Ne8 19. Qe3 Nf6 20. Qd4 Ne8 21. Qd2 Nf6
22. f4 Rbc8 23. Bb4 Rb8 24. Qa2 Nd7 25. a5 Rdc8 26. e5 Nc5 27. Bxa8 Rxa8 28.
exd6 Bxd6 29. axb6 Qxb6 30. Ba3 Nxb3 31. Rb1 Bxa3 32. Na4 Qb4 33. Qxb3 Qxc4 34.
Rd8+ Kh7 35. Qxc4 Rxc4 36. Rxa8 Rxa4 37. Ra1 g5 38. fxg5 hxg5 39. Kg2 Ra5 40.
Rb8 Kg6 41. g4 Bb4 42. Rxa5 Bxa5 43. Ra8 Bd2 44. Rxa6 Kf6 45. Ra7 Kg6 46. Rd7
Bc1 47. Kf3 Bb2 48. Rb7 Bc3 49. Ke4 Ba1 50. Kd3 Be5 51. Rb5 Kf6 52. Kc4 Bf4 53.
Rb7 Kg7 54. Kc5 Kf8 55. Kc6 Ke8 56. Ra7 Be5 57. Ra4 Ke7 58. Re4 Bb2 59. Re2 Bc1
60. Re1 Bd2 61. Re4 Bc1 62. Ra4 Be3 63. Re4 1/2-1/2

[Event "CN Seniori 2012"]
[Site "Sarata Monteoru/Romania"]
[Date "2012.02.21"]
[Round "11.4"]
[White "Doros, Radu-Marian"]
[Black "Miron, Lucian-Costin"]
[Result "1/2-1/2"]
[ECO "D35"]
[WhiteElo "2338"]
[BlackElo "2525"]
[Annotator "Robot 4"]
[PlyCount "98"]
[EventDate "2012.??.??"]
[TimeControl "40/5400+30:900+30"]

1. d4 d5 2. c4 e6 3. Nc3 Nf6 4. cxd5 exd5 5. Bg5 Nbd7 6. e3 c6 7. Bd3 Bd6 8.
Qc2 Nf8 9. Nf3 Ng6 10. h4 h6 11. Bxg6 hxg5 12. Nxg5 fxg6 13. Qxg6+ Kd7 14. Nf7
Qf8 15. Nxh8 Qxh8 16. h5 Qh6 17. Qxh6 gxh6 18. Ne2 b6 19. f3 c5 20. g4 Ba6 21.
Rd1 Re8 22. Kf2 Rf8 23. Nf4 Kc6 24. Rhg1 Re8 25. Rge1 cxd4 26. Rxd4 Be5 27. Rd2
d4 28. Rxd4 Bxd4 29. exd4 Rxe1 30. Kxe1 Bc4 31. a3 Kd6 32. Kd2 a5 33. Ng6 Bd5
34. Ke3 Ba2 35. Ne5 Nd5+ 36. Kd3 Ke6 37. Ng6 b5 38. Ne5 Bb1+ 39. Kd2 Nb6 40.
Nc6 a4 41. Na7 Nc4+ 42. Kc3 Nd6 43. Nc6 Ba2 44. Ne5 Bb3 45. f4 Bd1 46. Kd2 Bb3
47. Kc3 Bd1 48. Kd2 Bb3 49. Kc3 Bd1 1/2-1/2

[Event "CN Seniori 2012"]
[Site "Sarata Monteoru/Romania"]
[Date "2012.02.21"]
[Round "11.5"]
[White "Cioara, Andrei-Nestor"]
[Black "Balla, Tamas-Kristof"]
[Result "1-0"]
[ECO "E63"]
[WhiteElo "2456"]
[BlackElo "2377"]
[Annotator "Robot 4"]
[PlyCount "91"]
[EventDate "2012.??.??"]
[TimeControl "40/5400+30:900+30"]

1. d4 g6 2. Nf3 Bg7 3. g3 Nf6 4. Bg2 O-O 5. O-O d6 6. c4 Nc6 7. Nc3 a6 8. h3
Bd7 9. e4 e5 10. dxe5 Nxe5 11. c5 Nxf3+ 12. Qxf3 Bc6 13. cxd6 Qxd6 14. Bf4 Qe7
15. Nd5 Qd7 16. Rac1 Rac8 17. Rfd1 Qe6 18. Bg5 Bxd5 19. exd5 Qd6 20. Qb3 Qb6
21. Qxb6 cxb6 22. Rxc8 Rxc8 23. d6 Rb8 24. d7 Rd8 25. Bxf6 Bxf6 26. Bxb7 Bxb2
27. Bxa6 Kf8 28. Bb5 Ke7 29. f4 h6 30. Kf2 Ba3 31. Kf3 Ke6 32. Rd3 Be7 33. a4
Ra8 34. Rc3 Rd8 35. Rc6+ Kxd7 36. Rxg6+ Kc7 37. Rc6+ Kb7 38. Rxh6 Kc7 39. Rh7
Rf8 40. Bc4 Kd6 41. Rxf7 Rc8 42. Bb5 Rc3+ 43. Kg4 Ke6 44. Rg7 Kf6 45. Rh7 Bc5
46. Rd7 1-0

[Event "CN Seniori 2012"]
[Site "Sarata Monteoru/Romania"]
[Date "2012.02.21"]
[Round "11.6"]
[White "Lupulescu, Constantin"]
[Black "Miroiu, George-Catalin"]
[Result "1-0"]
[ECO "A55"]
[WhiteElo "2648"]
[BlackElo "2342"]
[Annotator "Robot 4"]
[PlyCount "79"]
[EventDate "2012.??.??"]
[TimeControl "40/5400+30:900+30"]

1. c4 Nf6 2. Nc3 c6 3. e4 e5 4. Nf3 d6 5. d4 Nbd7 6. Be2 Be7 7. O-O O-O 8. Re1
a6 9. Bf1 Qc7 10. Qc2 Re8 11. h3 b5 12. cxb5 cxb5 13. a3 exd4 14. Nxd4 Bb7 15.
Bf4 Bf8 16. f3 Ne5 17. Rac1 Rac8 18. Qf2 Qb8 19. Nf5 Nh5 20. Bh2 Nf6 21. Kh1
Kh8 22. Rcd1 Qc7 23. Rd2 Rcd8 24. Red1 Bc8 25. Ne3 Be6 26. a4 bxa4 27. Nxa4 Bb3
28. Ra1 Qc6 29. Nc3 Ra8 30. Nf5 d5 31. Nd4 Qb6 32. Nxb3 Qxb3 33. Nxd5 Nxd5 34.
Rxd5 Nc4 35. Rd3 Qb7 36. Qc2 Ne5 37. Rb3 Bb4 38. Bxe5 Rxe5 39. Rxa6 Rxa6 40.
Rxb4 1-0

[Event "CN Seniori 2012"]
[Site "Sarata Monteoru/Romania"]
[Date "2012.02.21"]
[Round "11.7"]
[White "Stanciu, Alexandru-Ovidiu"]
[Black "Szabo, Gergely-Andras-Gyul"]
[Result "0-1"]
[ECO "C50"]
[WhiteElo "2314"]
[BlackElo "2554"]
[Annotator "Robot 4"]
[PlyCount "84"]
[EventDate "2012.??.??"]
[TimeControl "40/5400+30:900+30"]

1. e4 e5 2. Nf3 Nc6 3. Bc4 Bc5 4. d3 Nf6 5. Bb3 O-O 6. h3 d5 7. exd5 Nxd5 8.
O-O Nf6 9. Nc3 h6 10. Re1 Re8 11. Be3 Bb4 12. a3 Bxc3 13. bxc3 Be6 14. Ba4 Qd6
15. d4 Red8 16. Qe2 e4 17. Nd2 Ne7 18. c4 Nf5 19. c5 Qe7 20. c3 Nd5 21. Rac1 c6
22. Nxe4 Nfxe3 23. fxe3 Bxh3 24. Nd6 Be6 25. e4 Nf4 26. Qf3 Ng6 27. Rf1 Rab8
28. Rce1 b6 29. Nf5 Qg5 30. Bxc6 bxc5 31. d5 Ne5 32. Qf2 Bxf5 33. Qxf5 Qg3 34.
Re2 Qxc3 35. Ref2 Rd6 36. Qh5 Rf8 37. Rf5 Qe3+ 38. R5f2 Nxc6 39. dxc6 Rxc6 40.
Kh1 Qg5 41. Qe2 c4 42. Rf5 Qe7 0-1

[Event "CN Seniori 2012"]
[Site "Sarata Monteoru/Romania"]
[Date "2012.02.21"]
[Round "11.8"]
[White "Jianu, Vlad-Cristian"]
[Black "Florescu, Codrut-Constantin"]
[Result "0-1"]
[ECO "E12"]
[WhiteElo "2508"]
[BlackElo "2282"]
[Annotator "Robot 4"]
[PlyCount "78"]
[EventDate "2012.??.??"]
[TimeControl "40/5400+30:900+30"]

1. d4 Nf6 2. c4 e6 3. Nf3 b6 4. Nc3 Bb7 5. Bg5 Bb4 6. Nd2 Bxc3 7. bxc3 d6 8. f3
Nbd7 9. e3 Qe7 10. Bd3 e5 11. Qe2 h6 12. Bh4 g5 13. Bf2 e4 14. Bc2 exf3 15.
gxf3 O-O-O 16. O-O-O d5 17. Kb2 Ba6 18. Bd3 Kb8 19. Rhe1 Rhe8 20. e4 Nh5 21.
Be3 dxc4 22. Nxc4 Bb7 23. Qc2 Qf6 24. Nd2 Nf4 25. Bc4 Ng2 26. e5 Nxe1 27. Rxe1
Nxe5 28. dxe5 Rxe5 29. Bf2 Rxe1 30. Bxe1 Qf4 31. Bb3 Qxh2 32. Bxf7 Qe2 33. Qc1
Bxf3 34. Bg6 Rd6 35. Bc2 Bc6 36. Nb3 Be4 37. Nd4 Rxd4 38. cxd4 Bxc2 39. Bg3
Bb1+ 0-1

[Event "CN Seniori 2012"]
[Site "Sarata Monteoru/Romania"]
[Date "2012.02.21"]
[Round "11.9"]
[White "Stegariu, Vlad-Ionut"]
[Black "Dumitrache, Dragos-Nicolae"]
[Result "0-1"]
[ECO "A57"]
[WhiteElo "2202"]
[BlackElo "2460"]
[Annotator "Robot 4"]
[PlyCount "86"]
[EventDate "2012.??.??"]
[TimeControl "40/5400+30:900+30"]

1. d4 Nf6 2. c4 c5 3. d5 b5 4. cxb5 a6 5. b6 d6 6. Nc3 Nbd7 7. a4 Qxb6 8. a5
Qb4 9. Ra4 Qb7 10. Nf3 g6 11. e4 Bg7 12. Be2 O-O 13. O-O Ne8 14. Ra3 Nc7 15.
Rb3 Qa7 16. Be3 Rb8 17. Nd2 Nb5 18. Nxb5 axb5 19. Bxb5 Qxa5 20. Be2 Ba6 21.
Bxa6 Qxa6 22. Rxb8 Rxb8 23. b3 Ne5 24. h3 Qd3 25. Qb1 f5 26. Bg5 Kf8 27. Qa2 h6
28. Qa7 Re8 29. Bf4 Nf7 30. exf5 Qxf5 31. Bg3 Qxd5 32. Nc4 Qa8 33. Qd7 Qc8 34.
Qa7 Qa8 35. Qd7 Qe4 36. f3 Bd4+ 37. Kh1 Qf5 38. Qb7 Ne5 39. Bxe5 Bxe5 40. b4
Qd3 41. Nxe5 Qxf1+ 42. Kh2 dxe5 43. Qe4 Qa6 0-1

[Event "CN Seniori 2012"]
[Site "Sarata Monteoru/Romania"]
[Date "2012.02.21"]
[Round "11.10"]
[White "Manea, Alexandru"]
[Black "Pop, Alexandru"]
[Result "0-1"]
[ECO "A35"]
[WhiteElo "2429"]
[BlackElo "2254"]
[Annotator "Robot 4"]
[PlyCount "101"]
[EventDate "2012.??.??"]
[TimeControl "40/5400+30:900+30"]

1. Nf3 c5 2. c4 g6 3. d4 cxd4 4. Nxd4 Bg7 5. Nc3 Nc6 6. Nc2 Bxc3+ 7. bxc3 Qa5
8. Qd2 Nf6 9. f3 d6 10. e4 Be6 11. Nb4 Ne5 12. Nd5 Bxd5 13. cxd5 Rc8 14. Rb1
Qxc3 15. Qxc3 Rxc3 16. Bh6 Rc7 17. Be2 Ned7 18. Kd2 Nc5 19. Rhc1 Kd7 20. g3 Kc8
21. Rb4 Kb8 22. a4 Rhc8 23. Rcb1 a5 24. Rd4 Ncd7 25. Kd1 Ne5 26. Bd2 Rc5 27.
Ke1 Nfd7 28. Kf2 Nc4 29. Bc1 Ndb6 30. Bd1 f5 31. Bg5 fxe4 32. fxe4 e6 33. Kg2
exd5 34. exd5 Rxd5 35. Rxd5 Nxd5 36. Bf3 Ndb6 37. Bf4 Ka7 38. h4 d5 39. Re1 Rd8
40. Bg5 Rd7 41. Bg4 Rf7 42. Re8 d4 43. Be6 Rc7 44. Rd8 Nxa4 45. Rxd4 Nab6 46.
Bd8 Rc6 47. Bg8 a4 48. Bxh7 a3 49. Bxb6+ Kxb6 50. Re4 a2 51. Re1 0-1

[Event "CN Seniori 2012"]
[Site "Sarata Monteoru/Romania"]
[Date "2012.02.21"]
[Round "11.12"]
[White "Dragomirescu, Robin-Alexandru"]
[Black "Daianu, Cristian-Clement"]
[Result "1-0"]
[ECO "B80"]
[WhiteElo "2340"]
[BlackElo "2242"]
[Annotator "Robot 4"]
[PlyCount "57"]
[EventDate "2012.??.??"]
[TimeControl "40/5400+30:900+30"]

1. e4 c5 2. Nf3 d6 3. d4 cxd4 4. Nxd4 Nf6 5. Nc3 a6 6. Be3 e6 7. f3 b5 8. g4
Nfd7 9. Qd2 Bb7 10. O-O-O Nb6 11. Bd3 N8d7 12. Kb1 Ne5 13. Qe1 Nbc4 14. Bc1 Qb6
15. Bxc4 Nxc4 16. g5 g6 17. h4 Bg7 18. Nce2 h5 19. gxh6 Bxh6 20. h5 Bxc1 21.
hxg6 Rxh1 22. Qxh1 O-O-O 23. Nxc1 e5 24. gxf7 Rf8 25. Nf5 Rxf7 26. b3 d5 27.
bxc4 bxc4+ 28. Ka1 Kb8 29. Qh8+ 1-0

[Event "CN Seniori 2012"]
[Site "Sarata Monteoru/Romania"]
[Date "2012.02.21"]
[Round "11.13"]
[White "Baciu, Stefan"]
[Black "Parligras, Mircea-Emilian"]
[Result "0-1"]
[ECO "E43"]
[WhiteElo "2222"]
[BlackElo "2650"]
[Annotator "Robot 4"]
[PlyCount "62"]
[EventDate "2012.??.??"]
[TimeControl "40/5400+30:900+30"]

1. d4 Nf6 2. c4 e6 3. Nc3 Bb4 4. e3 b6 5. Bd3 Bb7 6. Nf3 Ne4 7. O-O Nxc3 8.
bxc3 Bxc3 9. Rb1 Ba5 10. Ba3 d6 11. e4 O-O 12. Qe2 Re8 13. Rb3 e5 14. dxe5 dxe5
15. c5 Nc6 16. Bc4 Qf6 17. Rd1 Rad8 18. Bb2 Bc8 19. Rxd8 Rxd8 20. Bd5 bxc5 21.
Qb5 Bb6 22. h3 Bd7 23. Qe2 Be6 24. Rxb6 axb6 25. Bxc6 Bxa2 26. Nxe5 Qe6 27. Bb5
Qd6 28. Bd3 Be6 29. Bc2 Qd2 30. Bd3 Qxe2 31. Bxe2 Rd2 0-1

[Event "CN Seniori 2012"]
[Site "Sarata Monteoru/Romania"]
[Date "2012.02.21"]
[Round "11.15"]
[White "Petrisor, Adrian-Marian"]
[Black "Senetia, Teodor"]
[Result "1/2-1/2"]
[ECO "A61"]
[WhiteElo "2385"]
[BlackElo "2198"]
[Annotator "Robot 4"]
[PlyCount "125"]
[EventDate "2012.??.??"]
[TimeControl "40/5400+30:900+30"]

1. d4 Nf6 2. c4 c5 3. d5 e6 4. Nc3 exd5 5. cxd5 d6 6. Nf3 g6 7. Bf4 a6 8. a4
Bg7 9. e3 O-O 10. h3 Ne8 11. Be2 Nd7 12. O-O Qe7 13. Re1 Ne5 14. a5 Rb8 15. Nd2
b5 16. axb6 Rxb6 17. Qc2 Nc7 18. e4 g5 19. Be3 f5 20. exf5 Bxf5 21. Qc1 h6 22.
Nc4 Nxc4 23. Bxc4 Qf7 24. Ra2 Kh8 25. h4 gxh4 26. Bxh6 Qg6 27. Bxg7+ Kxg7 28.
Re3 Rf7 29. b3 Kh7 30. Ne2 Qg5 31. f4 Qf6 32. Kh2 Rg7 33. Ng1 Rb8 34. Nf3 Kh6
35. Ng5 Qg6 36. Qe1 Qh5 37. Bd3 Qg4 38. Qf2 Nxd5 39. Bxf5 Nxe3 40. Qxe3 Qxf5
41. Rxa6 Rd8 42. Qe6+ Qxe6 43. Nxe6 Rgg8 44. Nxd8 Rxd8 45. Kh3 Kh5 46. Ra7 Rb8
47. Rh7+ Kg6 48. Rxh4 Rxb3+ 49. Kg4 Rd3 50. f5+ Kg7 51. Rh1 c4 52. Kf4 c3 53.
g4 c2 54. Rc1 Rd4+ 55. Kf3 Rc4 56. g5 d5 57. Ke3 Re4+ 58. Kd3 Rg4 59. Rxc2 Rxg5
60. Rf2 Kf6 61. Kd4 Rxf5 62. Rxf5+ Kxf5 63. Kxd5 1/2-1/2

[Event "CN Seniori 2012"]
[Site "Sarata Monteoru/Romania"]
[Date "2012.02.21"]
[Round "11.16"]
[White "Horvat, Dan-Sebastian"]
[Black "Bonte, Andrei-Mihai"]
[Result "1-0"]
[ECO "C54"]
[WhiteElo "2197"]
[BlackElo "2380"]
[Annotator "Robot 4"]
[PlyCount "93"]
[EventDate "2012.??.??"]
[TimeControl "40/5400+30:900+30"]

1. e4 e5 2. Nf3 Nc6 3. Bc4 Bc5 4. c3 Nf6 5. d4 exd4 6. cxd4 Bb4+ 7. Bd2 Bxd2+
8. Nbxd2 d5 9. exd5 Nxd5 10. Qb3 Na5 11. Qa4+ Nc6 12. Qb5 Nb6 13. Ne5 O-O 14.
Nxc6 bxc6 15. Qxc6 Qxd4 16. O-O-O Rb8 17. Bb3 Bb7 18. Qc3 Qxc3+ 19. bxc3 Bxg2
20. Rhg1 Bd5 21. Rg5 Rfd8 22. c4 Be6 23. Rc5 Rd7 24. Ne4 Re7 25. Nc3 g6 26. Nb5
a5 27. Nd4 a4 28. Nc6 axb3 29. Nxe7+ Kf8 30. axb3 Kxe7 31. Rxc7+ Kf6 32. Kc2
Ke5 33. Rc5+ Kf4 34. Rb5 Kf3 35. Rd6 Nxc4 36. bxc4 Rc8 37. c5 Kxf2 38. c6 h5
39. Rc5 Rc7 40. Kc3 Kg2 41. Rd2+ Kh3 42. Kd4 g5 43. Rc3+ Kh4 44. Ke5 g4 45. Kf6
Rc8 46. c7 Ra8 47. Rd6 1-0

[Event "CN Seniori 2012"]
[Site "Sarata Monteoru/Romania"]
[Date "2012.02.21"]
[Round "11.17"]
[White "Popescu, Daniel-Dorin"]
[Black "Posedaru, Bogdan"]
[Result "0-1"]
[ECO "B25"]
[WhiteElo "2340"]
[BlackElo "2337"]
[Annotator "Robot 4"]
[PlyCount "86"]
[EventDate "2012.??.??"]
[TimeControl "40/5400+30:900+30"]

1. e4 c5 2. Nc3 Nc6 3. g3 g6 4. Bg2 Bg7 5. d3 d6 6. f4 e5 7. Nf3 Nge7 8. O-O
O-O 9. Nd5 exf4 10. Nxf4 b5 11. c3 Rb8 12. Be3 b4 13. d4 bxc3 14. bxc3 Qa5 15.
Qc2 cxd4 16. cxd4 Ba6 17. Rfd1 Rfc8 18. Qf2 Nb4 19. Rab1 Qa4 20. Ng5 Qc2 21.
Qf3 Nxa2 22. Rxb8 Rxb8 23. h3 Nc3 24. Rd2 Qb1+ 25. Kh2 Rf8 26. h4 h6 27. Ngh3
Bb7 28. Nf2 a5 29. g4 a4 30. g5 a3 31. gxh6 Bxh6 32. Nh5 Bxe3 33. Qxe3 gxh5 34.
Qxc3 a2 35. Rd1 Rc8 36. Qa1 Qc2 37. Nd3 Bxe4 38. Rg1 Bxd3 39. Kh1 Bg6 40. d5
Qb1 41. Bh3 Qxa1 42. Rxa1 Ra8 43. Bf1 Bb1 0-1

[Event "CN Seniori 2012"]
[Site "Sarata Monteoru/Romania"]
[Date "2012.02.21"]
[Round "11.18"]
[White "Dobre, Mihai"]
[Black "Ciobanu, Aurelian"]
[Result "1/2-1/2"]
[ECO "B06"]
[WhiteElo "1975"]
[BlackElo "2276"]
[Annotator "Robot 4"]
[PlyCount "80"]
[EventDate "2012.??.??"]
[TimeControl "40/5400+30:900+30"]

1. e4 g6 2. d4 Bg7 3. Nc3 d6 4. g3 a6 5. a4 Nc6 6. Be3 e5 7. d5 Nce7 8. Bg2 f5
9. Nge2 Nf6 10. exf5 gxf5 11. h3 O-O 12. Qd2 Qe8 13. Bh6 Bd7 14. a5 Rf7 15.
Bxg7 Rxg7 16. O-O-O b6 17. axb6 cxb6 18. f3 b5 19. g4 b4 20. Na2 a5 21. f4 e4
22. Nd4 fxg4 23. Ne6 Bxe6 24. dxe6 Nf5 25. Bxe4 Nxe4 26. Qd5 Nfg3 27. Rhe1 b3
28. Nc3 Nxc3 29. bxc3 bxc2 30. Rd3 Rb8 31. Kxc2 Qa4+ 32. Kd2 Qxf4+ 33. Rde3 Re8
34. hxg4 Rxg4 35. e7+ Kh8 36. Kd1 Qa4+ 37. Kc1 Qf4 38. Qd4+ Qxd4 39. cxd4 Nf5
40. Rf3 Rxe7 1/2-1/2